 Dungeon Crawl Stone Soup version bcrawl-1.14 (webtiles) character file.

Game seed: 10819646385525783639

108 Revguard the Sneak (level 4, -1/34 HPs)
             Began as a Demonspawn Archaeologist on Sept 6, 2019.
             Slain by an ogre
             ... wielding a +0 giant spiked club
              (25 damage)
             ... on level 4 of the Dungeon.
             The game lasted 00:08:40 (2945 turns).

Revguard the Sneak (Demonspawn Archaeologist)       Turns: 2945, Time: 00:08:40

Health: -1/34      AC:  7    Str: 11    XL:     4   Next: 58%
Magic:  4/4        EV: 13    Int: 21    God:
Gold:   167        SH:  0    Dex: 12    Spells: 3/3 levels left

rFire    . . .     SeeInvis .   r - +0 dagger
rCold    . . .     Gourm    .   (no shield)
rNeg     . . .     Faith    .   b - +1 robe
rPois    .         Spirit   .   c - +1 hat
rElec    .         Reflect  .   j - +0 cloak
rCorr    .         Harm     .   (no gloves)
MR       +....                  d - +1 pair of boots
Stlth    +++.......             (no amulet)
HPRegen  0.11/turn              (no ring)
MPRegen  0.09/turn              (no ring)

@: brilliant, studying Stealth
A: hooves 1, horns 1, magic resistance 1, nightstalker 1
a: no special abilities


You were on level 4 of the Dungeon.
You were not hungry.

You visited 1 branch of the dungeon, and saw 4 of its levels.

You collected 167 gold pieces.

Inventory:

Hand Weapons
 a - a +0 whip
 r - a +0 dagger (weapon)
Armour
 b - a +1 robe (worn)
 c - a +1 hat (worn)
 d - a +1 pair of boots (worn)
 j - a +0 cloak (worn)
Jewellery
 v - a cursed ring of attention {unknown}
Wands
 n - a wand of iceblast (8)
Scrolls
 h - 3 scrolls of identify {unknown}
 i - a scroll of enchant weapon {unknown}
 k - a scroll of blinking {unknown}
 l - 4 scrolls of fear {unknown}
 m - 4 scrolls of teleportation {unknown}
 o - 3 scrolls of remove curse {unknown}
 p - 2 scrolls of immolation {unknown}
Books
 e - a manual of Stealth
Miscellaneous
 f - an ancient crate
Comestibles
 g - 7 rations {!d}


   Skills:
 - Level 2.3 Fighting
 - Level 1.1 Short Blades
 - Level 1.3 Maces & Flails
 - Level 3.4 Dodging
 * Level 3.7 Stealth
 - Level 1.1 Evocations


You had 3 spell levels left.
You didn't know any spells.
Your spell library was empty.

Dungeon Overview and Level Annotations

Branches:
Dungeon (4/12)
 Temple: D:4-7

Altars:
Okawaru


Innate Abilities, Weirdness & Mutations

You have large cloven feet.
You are slightly more attuned to the shadows.
You have a pair of small horns on your head.
You are resistant to hostile enchantments. (MR+)


Message History

The hound closely misses you.
You're too confused to move!
The hound bites you but does no damage. The hound closely misses you.
You closely miss the hound.
The hound is heavily wounded.
You feel less invigorated.
You feel less confused. The hound closely misses you.
You closely miss the hound.
The hound is heavily wounded.
The hound bites you. The hound barely misses you.
You hit the hound.
The hound is severely wounded.
The ogre hits you with a +0 giant spiked club.
The hound bites you. The hound closely misses you.
The hound bites you but does no damage.
The ogre hits you with a +0 giant spiked club!!
Ouch! That really hurt!
You die...

#### ..# ###..##..
....... ..... ...
#####.# ##..##@###
#....Oh..# +.%......#
..#........# ##
#.###.###.##
.########.###.###.##
...........+........
...........#........
.<###..##..##..##..##


You could see an ogre and a hound.

Vanquished Creatures
  A worker ant (D:4)
  An adder (D:3)
  An ooze (D:3)
  2 worms
  3 dart slugs
  A leopard gecko (D:3)
  3 orcs (D:3)
  4 giant cockroaches
  6 goblins
  6 hobgoblins
  6 jackals
  7 kobolds
  2 quokkas
  2 bats (D:1)
  A frilled lizard (D:2)
  8 rats
54 creatures vanquished.

Notes
Turn   | Place    | Note
-------+----------+-------------------------------------------
     0 | D:1      | Revguard the Demonspawn Archaeologist began the quest for
                  | the Orb.
     0 | D:1      | Reached XP level 1. HP: 15/15 MP: 1/1
   100 | D:1      | Gained mutation: You have a pair of small horns on your
                  | head. [potion of mutation]
   100 | D:1      | Gained mutation: You are resistant to hostile enchantments.
                  | (MR+) [potion of mutation]
   100 | D:1      | Gained mutation: You have large cloven feet. [potion of
                  | mutation]
   188 | D:1      | Gained mutation: You are slightly more attuned to the
                  | shadows. [demonic ancestry]
   188 | D:1      | Reached XP level 2. HP: 3/21 MP: 2/2
   584 | D:1      | Reached skill level 1 in Maces & Flails
   826 | D:1      | Reached skill level 1 in Evocations
  1075 | D:2      | Mutation became permanent: You have large cloven feet.
                  | [demonic ancestry]
  1075 | D:2      | Gained mutation: You have large cloven feet. [demonic
                  | ancestry]
  1075 | D:2      | Reached XP level 3. HP: 5/27 MP: 3/3
  2217 | D:3      | Reached XP level 4. HP: 33/33 MP: 4/4
  2442 | D:3      | Found an iron altar of Okawaru.
  2650 | D:4      | Reached skill level 1 in Short Blades
  2917 | D:4      | Noticed an ogre
  2945 | D:4      | Slain by an ogre

Skill      XL: |  1  2  3  4 |
---------------+-------------+-----
Maces & Flails | 1 |  1.3
Dodging        | 3 |  3.4
Evocations     | 1 |  1.1
Fighting       | 2 |  2.3
Short Blades   | 1 |  1.1
Stealth        | |  3.7

Action                   |  1- 3 |  4- 6 || total
-------------------------+-------+-------++-------
Melee: Whip              |   135 |       ||   135
       Headbutt          |    35 |    11 ||    46
       Dagger            |    90 |    75 ||   165
  Use: Potion            |     1 |     4 ||     5
 Stab: Sleeping          |     4 |     4 ||     8
  Eat: Chunk             |     4 |     3 ||     7
Armor: Robe              |    96 |    25 ||   121
Dodge: Dodged            |   205 |    59 ||   264
